 Dungeon Crawl Stone Soup version 0.31-a0-180-g519b7de00c (webtiles) character file.

Game seed: 15858438050177503628

46 qw the Chopper (level 3, -1/23 HPs)
             Began as a Gargoyle Fighter on June 19, 2023.
             Slain by a gnoll
             ... wielding a +0 halberd
              (11 damage)
             ... on level 2 of the Dungeon.
             The game lasted 00:00:33 (973 turns).

qw the Chopper (Gargoyle Fighter)                    Turns: 973, Time: 00:00:33

Health: -1/23      AC: 10    Str: 21    XL:     3   Next: 66%
Magic:  3/3        EV:  9    Int:  8    God:
Gold:   67         SH:  4    Dex:  9    Spells: 2/2 levels left

rFire   . . .        Y - +0 war axe
rCold   . . .        c - +0 buckler
rNeg    + . .        b - +0 scale mail
rPois   inf          (no helmet)
rElec   +            (no cloak)
rCorr   .            (no gloves)
SInv    .            (no boots)
Will    .....        (no amulet) Stlth
                     (no ring)
HPRegen 0.23/turn    (no ring)
MPRegen 0.08/turn

%: no passive effects
@: no status effects
A: sickness immunity, AC +3, negative energy resistance 1, electricity
resistance, torment resistance 1, petrification resistance
a: no special abilities


You were on level 2 of the Dungeon.
You visited 1 branch of the dungeon, and saw 2 of its levels.

You collected 67 gold pieces.


Innate Abilities, Weirdness & Mutations

You are immune to sickness and miasma.
Your stone body is resilient. (AC +3)
You are immune to poison.
You resist negative energy. (rN+)
You are resistant to electric shocks. (rElec)
You are resistant to unholy torment.
You are immune to petrification.


   Skills:
 - Level 3.2 Fighting
 + Level 3.5 Axes
 - Level 3.2 Armour
 - Level 3.2 Shields


You had 2 spell levels left.
You didn't know any spells.
Your spell library was empty.

Inventory:

Hand Weapons
 k - a +0 whip
 Y - a +0 war axe (weapon)
Armour
 b - a +0 scale mail (worn)
 c - a +0 buckler (worn)
 f - a +2 kite shield
Scrolls
 a - a scroll of torment {unknown}
 j - 2 scrolls of enchant armour {unknown}
Potions
 d - a potion of might
 g - a potion of curing {unknown}
 h - a potion of heal wounds {unknown}
 i - a potion of magic {unknown}

Dungeon Overview and Level Annotations

Branches:
Dungeon (2/15)

Altars:


Message History

Found a falchion.
The kobold shouts!
Enter note: A quokka comes into view.
You barely miss the kobold.
The quokka twitches its whiskers.
The kobold hits you but does no damage.
You barely miss the kobold. The kobold closely misses you.
You hit the kobold.
You kill the kobold!
You hit the quokka.
You kill the quokka!
k - a +0 whip You see here a kobold corpse.
Enter note:
938 ||| DROPPING +0 club.
You drop a +0 club.
You see here a +0 falchion.
A gnoll comes into view. It is wielding a +0 halberd.
The gnoll shouts!
You hear a shout!
Enter note:
963 ||| Stepping ~*~*~tactically~*~*~ (hiding).
You start waiting.
A gnoll is nearby!
The gnoll barely misses you.
A gnoll comes into view. It is wielding a +0 spear.
The gnoll shouts!
The gnoll hits you with a +0 halberd.
Enter note: You barely miss the gnoll.
The gnoll hits you with a +0 halberd.
A gnoll comes into view. It is wielding a +0 spear.
You completely miss the gnoll. The gnoll hits you but does no damage.
You hit the gnoll but do no damage.
The gnoll hits you from afar with a +0 spear.
You block the gnoll's attack.
You hit the gnoll but do no damage. The gnoll misses you.
The gnoll hits you with a +0 halberd!
You die...

###.###.##############
###...# #..............#
#.....###.#.##########.#
#.#.#.....)(.........#.#
#.....#.###.######......
#...#....>..)......#.#..
#...#.#.###.########.#..
#...#.#.# #.# #.#..
#...#.#@# #.# #.#..
.......g....# #.#..
.#..#.g.....## #.#..
...!..........# #.#.#
...g.#####..# ####.#.#
...## #.># #....# #..
#..# #.#### #. #..# #.#
#..# #.#


You could see 3 gnolls.

Vanquished Creatures
  An adder (D:2)
  A dart slug (D:1)
  3 ball pythons
  4 bats (D:1)
  6 endoplasms
  7 goblins
  2 hobgoblins (D:1)
  A quokka (D:2)
  A frilled lizard (D:1)
  3 kobolds
  2 rats (D:1)
31 creatures vanquished.

Notes
Turn   | Place    | Note
-------+----------+-------------------------------------------
     0 | D:1      | qw the Gargoyle Fighter began the quest for the Orb.
     0 | D:1      | Reached XP level 1. HP: 14/14 MP: 1/1
     0 | D:1      | 0 ||| qw: Version: 0.3-a-7-ge0c9b40
     0 | D:1      | 0 ||| qw: Game counter: 973
     0 | D:1      | 0 ||| qw: Always use a shield: true
     0 | D:1      | 0 ||| qw: God list: Okawaru
     0 | D:1      | 0 ||| qw: Allow faded altars: false
     0 | D:1      | 0 ||| qw: Do Orc after D:15 true
     0 | D:1      | 0 ||| qw: Do second Lair branch before Depths: true
     0 | D:1      | 0 ||| qw: Lair rune preference: random
     0 | D:1      | 0 ||| qw: Plans: Normal, Zot:1-4, Slime:5, God:TSO, Crypt,
                  | Tomb, Abyss, Pan, Hells, Win
     0 | D:1      | 0 ||| PLANNING D:1-11
    69 | D:1      | Reached XP level 2. HP: 19/19 MP: 2/2
   260 | D:1      | 260 ||| Stepping ~*~*~tactically~*~*~ (hiding).
   264 | D:1      | 264 ||| Stepping ~*~*~tactically~*~*~ (hiding).
   265 | D:1      | 265 ||| Stepping ~*~*~tactically~*~*~ (hiding).
   382 | D:1      | Reached skill level 3 in Axes
   440 | D:1      | 440 ||| Stepping ~*~*~tactically~*~*~ (stealth).
   441 | D:1      | 441 ||| Stepping ~*~*~tactically~*~*~ (stealth).
   442 | D:1      | 442 ||| Stepping ~*~*~tactically~*~*~ (stealth).
   447 | D:1      | Reached XP level 3. HP: 20/23 MP: 3/3
   466 | D:1      | 466 ||| Stepping ~*~*~tactically~*~*~ (stealth).
   684 | D:1      | 684 ||| READING scroll labelled NAIGAMI NETHRUH.
   685 | D:1      | 685 ||| READING scroll labelled ILOEJUBU MUOTT.
   938 | D:2      | 938 ||| DROPPING +0 club.
   963 | D:2      | 963 ||| Stepping ~*~*~tactically~*~*~ (hiding).
   973 | D:2      | Slain by a gnoll

Levels and vault maps discovered:
D:1:      lightli_arrival_chessboard, layout_rooms, serial_corexii_hall,
          chequers_hall_statues_corner_a, corexii_hall_statues_i,
          chequers_hall_statues_y, chequers_hall_statues_wall_a
D:2:      layout_loops_ring, serial_shops, nicolae_diamond_shop,
          nicolae_shop_tiny_statue_garden, nicolae_shop_peninsula,
          minmay_randomly_rotated_circles, uniq_crazy_yiuf_cottage

Skill      XL: |  1  2 |
---------------+-------+-----
Axes           | 2 3 |  3.5
Fighting       | |  3.2
Armour         | |  3.2
Shields        | |  3.2

Action                     || total
---------------------------++-------
  Melee: War axe           ||    71
    Use: Scroll            ||     2
 Armour: Scale mail        ||    33
  Dodge: Dodged            ||    31
  Block: Buckler           ||     9

Table legend:
 A = Non-vault XP
 B = Vault XP
 C = Vault XP percentage of total XP
 D = Non-vault monster count
 E = Vault monster count
 F = Vault count percentage of total count
                 A         B        C        D         E       F
            +---------+---------+-------+---------+---------+-------
      Total |      66 |       0 |   0.0 |      31 |       0 |   0.0
            +---------+---------+-------+---------+---------+-------
        D:1 |      39 |       0 |   0.0 |      22 |       0 |   0.0
        D:2 |      27 |       0 |   0.0 |       9 |       0 |   0.0
            +---------+---------+-------+---------+---------+-------
